[Event "58th Akiba Rubinstein A 2022"]
[Site "Polanica-Zdroj"]
[Date "2022.08.16"]
[Round "4.15"]
[White "Wolanski, Michal"]
[Black "Siekanska, Zuzanna"]
[Result "1-0"]
[ECO "A17"]
[WhiteElo "2005"]
[BlackElo "1712"]
[Annotator "NA RC"]
[PlyCount "155"]
[EventDate "2022.08.13"]
[EventCountry "POL"]
[SourceTitle "playchess.com"]
[Source "ChessBase"]
[SourceQuality "1"]
[TimeControl "40/5400+30:1800+30"]

1. c4 e6 2. Nc3 Nf6 3. Nf3 d5 4. e3 Be7 5. b3 c5 6. Bb2 Nc6 7. cxd5 exd5 8. d4 O-O 9. Be2 Re8 10. O-O cxd4 11. Nxd4 Bd6 12. Rc1 Ne5 13. Ncb5 Bb8 14. Qc2 Nfg4 15. Nc7 Nc6 16. Nxe8 Bxh2+ 17. Kh1 Nxd4 18. Nf6+ Nxf6 19. Bxd4 Bd6 20. Bf3 Ne4 21. g3 Bf5 22. Qb2 Qg5 23. Be5 Bxe5 24. Qxe5 Nd2 25. Qxd5 Nxf3 26. Qxf3 Qg6 27. Qf4 Qh5+ 28. Kg1 Bd3 29. Rfe1 Be2 30. Kg2 g5 31. Qf6 Bb5 32. Rc5 Bc6+ 33. f3 h6 34. Rh1 Qg6 35. Qxg6+ fxg6 36. Rxh6 Kg7 37. Rh1 g4 38. e4 Rd8 39. Rf1 Rd4 40. Rc4 Rd7 41. Rf2 gxf3+ 42. Kxf3 Rd3+ 43. Kf4 Kf6 44. Rf3 Rd1 45. Rfc3 g5+ 46. Kf3 Rf1+ 47. Ke2 Rg1 48. a4 g4 49. Kf2 Rb1 50. Re3 Rb2+ 51. Ke1 Ke5 52. Kd1 Rg2 53. Rc2 Rxc2 54. Kxc2 Bxe4+ 55. Kc3 Kd5 56. Re1 Bf3 57. Re7 Kc5 58. b4+ Kc6 59. Kd4 Bd1 60. a5 Bf3 61. Re5 Kd6 62. Rg5 Ke6 63. Ke3 Kd6 64. Kf4 Kc6 65. Rxg4 Bxg4 66. Kxg4 Kb5 67. Kf4 Kxb4 68. g4 Kxa5 69. g5 b5 70. g6 b4 71. g7 Ka4 72. g8=Q a5 73. Qa2+ Kb5 74. Ke4 a4 75. Qd5+ Kb6 76. Qc4 Ka5 77. Qc5+ Ka6 78. Qxb4 1-0

[Event "58th Akiba Rubinstein A 2022"]
[Site "Polanica-Zdroj"]
[Date "2022.08.16"]
[Round "4.16"]
[White "Kazmierowski, Tymon"]
[Black "Walkusz, Witoslaw"]
[Result "1/2-1/2"]
[ECO "A05"]
[WhiteElo "1961"]
[BlackElo "2001"]
[Annotator "NA RC"]
[PlyCount "116"]
[EventDate "2022.08.13"]
[EventCountry "POL"]
[SourceTitle "playchess.com"]
[Source "ChessBase"]
[SourceQuality "1"]
[TimeControl "40/5400+30:1800+30"]

1. Nf3 Nf6 2. g3 g6 3. b3 Bg7 4. Bb2 d6 5. d4 O-O 6. Bg2 Nc6 7. O-O Bf5 8. Nbd2 Qd7 9. Re1 d5 10. Ne5 Nxe5 11. dxe5 Ng4 12. Nf3 Qe6 13. Ng5 Qb6 14. e3 Nxe5 15. Bxd5 h6 16. Bxe5 Bxe5 17. Nxf7 Bxa1 18. Nxh6+ Kh7 19. Nxf5 Bc3 20. Nd4 Qa5 21. Ne6 Bxe1 22. Qd4 Bxf2+ 23. Kg2 Rf6 24. Ng5+ Kg7 25. Ne6+ Kf7 26. Qe5 Be1 27. Nxc7+ Kf8 28. Nxa8 Qd8 29. Nc7 Qd6 30. Ne6+ Ke8 31. Qxd6 exd6 32. Nf4 b6 33. h4 Bd2 34. Kf3 Kf8 35. g4 Kg7 36. g5 Rf5 37. Be4 Re5 38. Bxg6 Rxe3+ 39. Kg4 Re1 40. Bd3 Rg1+ 41. Kf5 Bxf4 42. Kxf4 Rh1 43. Kg4 Rg1+ 44. Kf5 Rh1 45. Kg4 Rg1+ 46. Kf4 Rh1 47. Kg3 Rg1+ 48. Kh2 Rg4 49. Kh3 Rg1 50. Bf5 b5 51. Kh2 Re1 52. Bd3 b4 53. Kg2 d5 54. h5 Re5 55. h6+ Kh8 56. g6 Rh5 57. h7 Kg7 58. Kf3 Re5 1/2-1/2

[Event "58th Akiba Rubinstein A 2022"]
[Site "Polanica-Zdroj"]
[Date "2022.08.17"]
[Round "5.1"]
[White "Siekanska, Maria"]
[Black "Cyborowski, Lukasz"]
[Result "0-1"]
[ECO "D31"]
[WhiteElo "1964"]
[BlackElo "2483"]
[Annotator "TA"]
[PlyCount "53"]
[EventDate "2022.08.13"]
[EventCountry "POL"]
[SourceTitle "playchess.com"]
[Source "ChessBase"]
[SourceQuality "1"]
[TimeControl "40/5400+30:1800+30"]

1. d4 d5 2. c4 e6 3. Nc3 Be7 4. cxd5 exd5 5. Bf4 c6 6. e3 Bf5 7. f3 {[%emt 0:03:51] D31: Queen's Gambit Declined: Semi-Slav without ...Nf6 (+ Marshall Gambit and Noteboom) and Exchange Variation lines without ...Nf6.} Nf6 {[%emt 0:03:41] Inhibits e4.} 8. g4 Be6 9. Nge2 {[%emt 0:01:08] White has an edge.} O-O {[%emt 0:07:08] [#]} 10. Ng3 $146 ({Predecessor:} 10. Qd2 c5 11. dxc5 Bxc5 12. O-O-O Nc6 13. Kb1 Rc8 14. h4 Qa5 15. Rc1 d4 16. exd4 {0-1 (35) Backelin,R (2290)-Ahlander,B (2426) Stockholm 2002}) 10... c5 11. Qd2 Nc6 12. Kf2 $2 {[%emt 0:03:25] [#]} (12. O-O-O $11) 12... g5 $1 $19 13. Bxg5 {[%emt 0:25:55] [#]} (13. Be5 $142) 13... Nxg4+ $1 {[%emt 0:04:36][%mdl 576] Discovered Attack} 14. fxg4 {[%emt 0:00:08] Black must now prevent Bxe7.} Bxg5 15. h4 Bf6 (15... Bxh4 $19 {has better winning chances. aiming for ...Qg5.} 16. Bd3 h5) 16. Nce2 $2 (16. dxc5 $17 d4 17. exd4) 16... Bxg4 17. dxc5 Be5 {[%emt 0:04:26] A strong pair of Bishops.} (17... Bxh4 18. Nf4 $17) 18. Bg2 Kh8 {[%emt 0:06:46] Threatens to win with ...Qf6+.} ({Stronger than} 18... Qf6+ 19. Kg1 $17) 19. Raf1 Rg8 20. Qxd5 $2 (20. Qd3 {was called for.}) 20... Qe7 {[%emt 0:01:54] Hoping for ...Rad8. Black is clearly winning.} 21. Qc4 Rad8 22. Bxc6 (22. Ne4 $142 f5 23. Nd6 Bxe2 24. Nf7+ Qxf7 25. Qxf7) 22... Bxg3+ 23. Nxg3 Rd2+ 24. Ne2 Rxe2+ 25. Qxe2 Bxe2 26. Kxe2 bxc6 27. Kd3 {Black took control after the opening.  Weighted Error Value: White=0.73/Black=0.15 (very precise)} 0-1

[Event "58th Akiba Rubinstein A 2022"]
[Site "Polanica-Zdroj"]
[Date "2022.08.17"]
[Round "5.2"]
[White "Koziorowicz, Michal"]
[Black "Kowalczyk, Rafal"]
[Result "1-0"]
[ECO "E46"]
[WhiteElo "2231"]
[BlackElo "2239"]
[Annotator "NA RC"]
[PlyCount "179"]
[EventDate "2022.08.13"]
[EventCountry "POL"]
[SourceTitle "playchess.com"]
[Source "ChessBase"]
[SourceQuality "1"]
[TimeControl "40/5400+30:1800+30"]

1. d4 Nf6 2. c4 e6 3. Nc3 Bb4 4. e3 O-O 5. Bd2 b6 6. Nf3 Bb7 7. Bd3 Bxc3 8. Bxc3 Ne4 9. Bxe4 Bxe4 10. d5 c5 11. Nd2 exd5 12. Nxe4 dxe4 13. Qg4 f6 14. Qxe4 Nc6 15. O-O-O Qc7 16. h4 Rae8 17. Qd5+ Rf7 18. Kb1 Ne5 19. Qe4 Re6 20. h5 Nc6 21. Qh4 h6 22. Rd2 a6 23. Rhd1 b5 24. b3 Ne5 25. Rd5 Rfe7 26. Qf4 Qc6 27. Ka1 Nf7 28. Qf5 d6 29. Qc2 Re4 30. Bd2 Rg4 31. g3 Ne5 32. f4 Nf7 33. Be1 Qc8 34. Bf2 Qe6 35. Qd3 b4 36. Re1 Qe4 37. Qxe4 Rxe4 38. Kb2 g6 39. hxg6 Rxg6 40. Ra1 Re7 41. a3 a5 42. axb4 axb4 43. Kc2 Kh7 44. Kd3 Rg8 45. Ke2 Rc8 46. g4 Rcc7 47. Bh4 Kg7 48. Kf3 Re6 49. Rf5 Nh8 50. Ra6 Rce7 51. Bf2 Nf7 52. Rd5 Re8 53. Rd3 R6e7 54. Bg3 Re4 55. Ra7 R4e7 56. Ra6 Re4 57. Bf2 R4e6 58. Be1 Rh8 59. Rd5 Rhe8 60. Bd2 Re4 61. Bc1 R4e7 62. Ra2 Re4 63. Re2 Kg6 64. Rf5 Kg7 65. Bb2 R4e6 66. Rd5 R8e7 67. Re1 Re8 68. Rd3 Ra8 69. Ke2 Re4 70. Rd5 Rae8 71. Kd2 Kg6 72. Re2 R4e7 73. Rf5 Re6 74. Rh2 Kg7 75. Rh3 Rc8 76. Rfh5 Kf8 77. g5 fxg5 78. fxg5 Kg8 79. gxh6 Kh7 80. Rf5 Rc7 81. Rhf3 Nxh6 82. Rf8 Rd7 83. Rg3 Re5 84. Bxe5 dxe5+ 85. Kc2 e4 86. Rf6 Nf7 87. Rc6 Ne5 88. Rxc5 Re7 89. Ra5 Kh6 90. Ra1 1-0

[Event "58th Akiba Rubinstein A 2022"]
[Site "Polanica-Zdroj"]
[Date "2022.08.17"]
[Round "5.3"]
[White "Razin, Vadim"]
[Black "Paprocki, Antoni"]
[Result "1-0"]
[ECO "A48"]
[WhiteElo "2428"]
[BlackElo "1981"]
[Annotator "TA"]
[PlyCount "39"]
[EventDate "2022.08.13"]
[EventCountry "POL"]
[SourceTitle "playchess.com"]
[Source "ChessBase"]
[SourceQuality "1"]
[TimeControl "40/5400+30:1800+30"]

1. d4 Nf6 2. Nf3 g6 3. Bg5 Bg7 4. Nbd2 O-O 5. e4 d5 6. exd5 Nxd5 7. c3 h6 {[%emt 0:01:46] A48: 1 d4 Nf6 2 Nf3 g6: Torre, London and Colle Systems.} 8. Bh4 Bf5 9. Bc4 Nc6 {[%emt 0:03:26] White is slightly better.} 10. O-O {[%emt 0:01:33] [#]} Qd7 $146 ({Predecessor:} 10... g5 11. Bg3 e6 12. Re1 Nf6 13. Ne5 Nxe5 14. Bxe5 c6 15. Bb3 Qe7 16. Qf3 Rad8 {0-1 (40) Uzuner,T (2169)-Erdogdu,M (2434) Kocaeli 2008}) 11. Re1 Rfe8 12. Nb3 b6 {[%emt 0:12:28] Inhibits Nc5.} 13. Bg3 Be6 (13... Bg4 $142) 14. Bb5 $16 {[%emt 0:02:30][%cal Bc4b5,Bb5a4,Ba4b3][%mdl 32] Strongly threatening c4.} a6 15. Ba4 {[%emt 0:00:55] c4 is the strong threat.} b5 (15... Bg4 $16 {keeps fighting.} 16. h3 Bxf3 17. Qxf3 e6) 16. Nc5 $18 Qc8 17. Bb3 {[%emt 0:06:34][%cal Oe1e6] Black must now prevent Rxe6!} Rd8 {[%emt 0:07:32] [#]} 18. Rxe6 {[%emt 0:03:30][%mdl 512] White is clearly winning.} fxe6 19. Qd3 g5 (19... Rd6 $142 20. Qxg6 Qe8 21. Qxe8+ Rxe8 22. Bxd6 exd6 23. Nxe6 Rxe6 24. Bxd5 Nd8) 20. Qg6 {[%emt 0:00:22] White took control after the opening.  Weighted Error Value: White=0.05 (flawless) /Black=0.52} 1-0

[Event "58th Akiba Rubinstein A 2022"]
[Site "Polanica-Zdroj"]
[Date "2022.08.17"]
[Round "5.4"]
[White "Dziewonski, Dariusz"]
[Black "Smietanska, Wiktoria"]
[Result "1-0"]
[ECO "B10"]
[WhiteElo "2029"]
[BlackElo "1919"]
[Annotator "NA RC"]
[PlyCount "141"]
[EventDate "2022.08.13"]
[EventCountry "POL"]
[SourceTitle "playchess.com"]
[Source "ChessBase"]
[SourceQuality "1"]
[TimeControl "40/5400+30:1800+30"]

1. e4 c6 2. Nc3 d5 3. Nf3 dxe4 4. Nxe4 Nf6 5. Qe2 Nxe4 6. Qxe4 Qa5 7. b4 Qd5 8. Qf4 Qf5 9. Qxf5 Bxf5 10. c3 Nd7 11. d4 e6 12. a3 Bd6 13. Be3 e5 14. dxe5 Nxe5 15. O-O-O Bc7 16. Nxe5 Bxe5 17. Bd4 Bxd4 18. Rxd4 Rd8 19. Rxd8+ Kxd8 20. Bc4 f6 21. Bd3 Bxd3 22. Rd1 Kc7 23. Rxd3 Re8 24. Rh3 h6 25. Rg3 Re7 26. c4 c5 27. Kd2 cxb4 28. axb4 a6 29. Kd3 Kc6 30. Kd4 Kd6 31. f4 Kc6 32. h3 Kd6 33. Rg4 Kc6 34. Rg6 Kd6 35. Rg4 Kc6 36. Rg3 Kd6 37. Kc3 Kc6 38. Kd3 b5 39. Kd4 bxc4 40. Kxc4 Re4+ 41. Kc3 Re7 42. Rd3 Re4 43. g3 a5 44. bxa5 Ra4 45. Kd2 Rxa5 46. Ke3 Ra7 47. Ke4 Ra5 48. f5 Ra4+ 49. Kf3 h5 50. g4 hxg4+ 51. hxg4 Ra5 52. Kg3 Rd5 53. Ra3 Rd7 54. Re3 Kd5 55. Kh4 Rc7 56. Kh5 Kd4 57. Re8 Kd5 58. Kg6 Kd6 59. Rg8 Rc4 60. Rxg7 Ke5 61. Re7+ Kf4 62. Kxf6 Kxg4 63. Kg6 Rc5 64. Re4+ Kf3 65. Ra4 Rc1 66. f6 Rg1+ 67. Kf7 Ke3 68. Kf8 Rf1 69. f7 Kd3 70. Rg4 Rf2 71. Kg7 1-0

[Event "58th Akiba Rubinstein A 2022"]
[Site "Polanica-Zdroj"]
[Date "2022.08.17"]
[Round "5.5"]
[White "Bugajski, Robert"]
[Black "Kolodziejski, Piotr"]
[Result "0-1"]
[ECO "A05"]
[WhiteElo "2075"]
[BlackElo "2107"]
[Annotator "NA RC"]
[PlyCount "103"]
[EventDate "2022.08.13"]
[EventCountry "POL"]
[SourceTitle "playchess.com"]
[Source "ChessBase"]
[SourceQuality "1"]
[TimeControl "40/5400+30:1800+30"]

1. Nf3 Nf6 2. g3 d5 3. Bg2 c6 4. O-O Bf5 5. d3 h6 6. Nbd2 e6 7. b3 Be7 8. Bb2 O-O 9. c4 Nbd7 10. Qc2 Bh7 11. Rad1 a5 12. a3 Qb6 13. Qc3 Nc5 14. Ne5 Rfd8 15. h3 d4 16. Qc2 Ncd7 17. Nef3 e5 18. Rfe1 Bc5 19. Rb1 Re8 20. Ne4 Nxe4 21. dxe4 Nf6 22. Nh2 Qc7 23. Ng4 Nd7 24. Red1 h5 25. Nh2 Nf6 26. Bc1 Qe7 27. a4 Nd7 28. Nf3 Nf8 29. Ne1 Qe6 30. Nd3 Nd7 31. e3 Rad8 32. Kh2 Qe7 33. exd4 Bxd4 34. Qe2 h4 35. g4 g5 36. Qd2 f6 37. Qxa5 Nf8 38. Qe1 Rd7 39. Be3 c5 40. b4 cxb4 41. Nxb4 Bxe3 42. fxe3 Rxd1 43. Qxd1 Ne6 44. Nd5 Qf7 45. Qb3 Nc7 46. Qxb7 Nxd5 47. cxd5 Re7 48. Qc8+ Kg7 49. Rc1 Re8 50. Qc7 Re7 51. d6 Rxc7 52. dxc7 0-1

[Event "58th Akiba Rubinstein A 2022"]
[Site "Polanica-Zdroj"]
[Date "2022.08.17"]
[Round "5.6"]
[White "Antoniewicz, Jakub"]
[Black "Skrzypczynski, Kacper"]
[Result "1/2-1/2"]
[ECO "D79"]
[WhiteElo "1931"]
[BlackElo "1793"]
[Annotator "NA RC"]
[PlyCount "135"]
[EventDate "2022.08.13"]
[EventCountry "POL"]
[SourceTitle "playchess.com"]
[Source "ChessBase"]
[SourceQuality "1"]
[TimeControl "40/5400+30:1800+30"]

1. d4 Nf6 2. Nf3 g6 3. g3 Bg7 4. Bg2 O-O 5. O-O d5 6. c4 c6 7. cxd5 cxd5 8. Nc3 Nc6 9. h3 Ne4 10. Bf4 Be6 11. Rc1 Nxc3 12. Rxc3 Qd7 13. Kh2 Rfc8 14. Qd2 Bf5 15. Rfc1 Be4 16. Ne5 Bxe5 17. Bxe5 Bxg2 18. Kxg2 f6 19. Bf4 e5 20. dxe5 fxe5 21. Bh6 d4 22. e4 Qe6 23. Rf3 Rc7 24. Rc5 Rf7 25. Rxf7 Qxf7 26. Rd5 Rd8 27. Rxd8+ Nxd8 28. Qa5 Nc6 29. Qd5 a5 30. Qd6 Qe7 31. Qd5+ Qf7 32. a3 a4 33. Qc5 Kh8 34. h4 Kg8 35. Qd6 Qe7 36. Qd5+ Qf7 37. Qc5 Kh8 38. Qb5 Qb3 39. Qc5 Qf7 40. Qd6 Kg8 41. Bg5 Kg7 42. h5 gxh5 43. f4 Qg6 44. Qd7+ Kf8 45. Qc8+ Qe8 46. Bh6+ Kf7 47. Qxb7+ Ne7 48. Bg5 exf4 49. gxf4 Qd8 50. f5 h6 51. Bxe7 Qxe7 52. Qd5+ Kf8 53. Qxd4 Qg5+ 54. Kf3 Qg4+ 55. Kf2 Qf4+ 56. Ke2 h4 57. Qf6+ Ke8 58. Qe6+ Kd8 59. f6 Qh2+ 60. Kd1 Qg1+ 61. Kc2 Qc5+ 62. Kd2 Qd4+ 63. Ke1 Qe3+ 64. Kd1 Qd3+ 65. Kc1 Qf1+ 66. Kc2 Qe2+ 67. Kc1 Qe1+ 68. Kc2 1/2-1/2

[Event "58th Akiba Rubinstein A 2022"]
[Site "Polanica-Zdroj"]
[Date "2022.08.17"]
[Round "5.7"]
[White "Kejna, Piotr"]
[Black "Majocha, Piotr"]
[Result "1/2-1/2"]
[ECO "C17"]
[WhiteElo "1970"]
[BlackElo "2036"]
[Annotator "NA RC"]
[PlyCount "111"]
[EventDate "2022.08.13"]
[EventCountry "POL"]
[SourceTitle "playchess.com"]
[Source "ChessBase"]
[SourceQuality "1"]
[TimeControl "40/5400+30:1800+30"]

1. e4 e6 2. d4 d5 3. Nc3 Bb4 4. e5 c5 5. Bd2 Ne7 6. a3 Bxc3 7. Bxc3 b6 8. Bb5+ Nd7 9. h4 a5 10. h5 Ba6 11. Bxa6 Rxa6 12. h6 g6 13. Qe2 Ra7 14. Nf3 Nc6 15. Rd1 Rb7 16. a4 c4 17. Bd2 Qb8 18. c3 b5 19. axb5 Na7 20. Ra1 Qc7 21. Bg5 Rxb5 22. Nh2 Qb6 23. Ra2 Nc8 24. Ng4 Qc7 25. Qf3 Ncb6 26. Nf6+ Kf8 27. Rh3 a4 28. Qf4 Nxf6 29. Qxf6 Rg8 30. Rf3 Qd7 31. Kd1 Rb3 32. Kc1 Qe8 33. Qd8 f5 34. Qd6+ Kf7 35. Rxa4 Qd7 36. Qxd7+ Nxd7 37. Ra7 Ke8 38. Rh3 Rf8 39. Kc2 Rf7 40. Rh1 Nb8 41. Rha1 Rfb7 42. Rxb7 Rxb7 43. Ra3 Nc6 44. Bf6 Ra7 45. Rxa7 Nxa7 46. b3 cxb3+ 47. Kxb3 Nc8 48. c4 dxc4+ 49. Kxc4 Nb6+ 50. Kc5 Nd5 51. Kd6 Kf7 52. Bd8 Nf4 53. g3 Nd5 54. Kd7 Nb4 55. Ba5 Nd5 56. Bd8 1/2-1/2

[Event "58th Akiba Rubinstein A 2022"]
[Site "Polanica-Zdroj"]
[Date "2022.08.17"]
[Round "5.8"]
[White "Nowak, Filip"]
[Black "Skurniak, Szymon"]
[Result "1/2-1/2"]
[ECO "B69"]
[WhiteElo "1957"]
[BlackElo "2051"]
[Annotator "NA RC"]
[PlyCount "113"]
[EventDate "2022.08.13"]
[EventCountry "POL"]
[SourceTitle "playchess.com"]
[Source "ChessBase"]
[SourceQuality "1"]
[TimeControl "40/5400+30:1800+30"]

1. e4 c5 2. Nf3 Nc6 3. d4 cxd4 4. Nxd4 Nf6 5. Nc3 d6 6. Bg5 e6 7. Qd2 a6 8. O-O-O Bd7 9. f4 Be7 10. Nf3 b5 11. Bxf6 gxf6 12. f5 Qb6 13. fxe6 fxe6 14. Ne2 Qa5 15. Qxa5 Nxa5 16. g3 Nc4 17. Bh3 Bf8 18. b3 Ne5 19. Nfd4 Bh6+ 20. Kb1 Ke7 21. Nf4 Bxf4 22. gxf4 Nc6 23. Bxe6 Nxd4 24. Bxd7 Ne2 25. Rd2 Nxf4 26. Bf5 h5 27. Rc1 Ne6 28. c4 Rac8 29. cxb5 Rxc1+ 30. Kxc1 axb5 31. Bxe6 Kxe6 32. Rd5 h4 33. Rxb5 Rg8 34. a4 Rg2 35. a5 Rxh2 36. Kb1 Rg2 37. Rh5 Rg5 38. Rxh4 Rxa5 39. Kc2 Rg5 40. b4 d5 41. exd5+ Kxd5 42. Rh6 Rf5 43. Kd3 Rf3+ 44. Ke2 Rf4 45. Rh5+ f5 46. b5 Ke5 47. b6 Rb4 48. Rh6 f4 49. Kd3 Kd5 50. Rh5+ Kc6 51. Rh6+ Kc5 52. b7 Rxb7 53. Ke4 Rf7 54. Rh3 Kd6 55. Rf3 Ke6 56. Rxf4 Rxf4+ 57. Kxf4 1/2-1/2

[Event "58th Akiba Rubinstein A 2022"]
[Site "Polanica-Zdroj"]
[Date "2022.08.17"]
[Round "5.9"]
[White "Barwinska, Ewa"]
[Black "Kasprzak, Lukasz"]
[Result "1-0"]
[ECO "B50"]
[WhiteElo "1940"]
[BlackElo "1938"]
[Annotator "NA RC"]
[PlyCount "91"]
[EventDate "2022.08.13"]
[EventCountry "POL"]
[SourceTitle "playchess.com"]
[Source "ChessBase"]
[SourceQuality "1"]
[TimeControl "40/5400+30:1800+30"]

1. e4 c5 2. Nf3 d6 3. c3 Nf6 4. Bd3 g6 5. h3 Bg7 6. O-O O-O 7. Bc2 b6 8. d4 cxd4 9. cxd4 Bb7 10. Nc3 Nbd7 11. Be3 a6 12. Qd2 b5 13. d5 Rc8 14. Rac1 Re8 15. Bh6 Bh8 16. Nd4 Nc5 17. f3 b4 18. Nce2 a5 19. Be3 Qd7 20. a3 Rb8 21. axb4 axb4 22. Bd3 Nxd3 23. Qxd3 e6 24. dxe6 fxe6 25. Rfd1 Bg7 26. Nb3 Red8 27. Na5 e5 28. Bg5 d5 29. Nxb7 Rxb7 30. Bxf6 Bxf6 31. exd5 Rb5 32. d6 Rb6 33. Qd5+ Kg7 34. Rc7 Qxc7 35. dxc7 Rxd5 36. Rxd5 Rc6 37. Rd7+ Kh6 38. Rd6 Rxc7 39. Rxf6 Rc2 40. Kf2 Rxb2 41. Re6 b3 42. Rxe5 Rb1 43. Rb5 b2 44. Ng3 Kg7 45. Ne4 Kf7 46. Nd2 1-0

[Event "58th Akiba Rubinstein A 2022"]
[Site "Polanica-Zdroj"]
[Date "2022.08.17"]
[Round "5.10"]
[White "Lambrecht, Tomasz"]
[Black "Hetzer, Volkhard"]
[Result "1-0"]
[ECO "A90"]
[WhiteElo "1956"]
[BlackElo "1921"]
[Annotator "NA RC"]
[PlyCount "49"]
[EventDate "2022.08.13"]
[EventCountry "POL"]
[SourceTitle "playchess.com"]
[Source "ChessBase"]
[SourceQuality "1"]
[TimeControl "40/5400+30:1800+30"]

1. d4 e6 2. c4 f5 3. g3 Nf6 4. Bg2 c6 5. Nf3 d5 6. O-O Bd6 7. Nbd2 O-O 8. Ne1 Ne4 9. Qc2 b6 10. Nd3 Bb7 11. Nf3 Nd7 12. Bf4 Be7 13. Nfe5 Rc8 14. Rfc1 Nxe5 15. Bxe5 c5 16. dxc5 bxc5 17. Nf4 Qd7 18. Rd1 Bf6 19. Bxf6 Rxf6 20. cxd5 exd5 21. Nd3 Rd6 22. Bxe4 dxe4 23. Ne5 Rxd1+ 24. Rxd1 Bd5 25. Nxd7 1-0

[Event "58th Akiba Rubinstein A 2022"]
[Site "Polanica-Zdroj"]
[Date "2022.08.17"]
[Round "5.11"]
[White "Motyl, Tomasz"]
[Black "Betkowski, Andrzej"]
[Result "1/2-1/2"]
[ECO "C03"]
[WhiteElo "1936"]
[BlackElo "2063"]
[Annotator "NA RC"]
[PlyCount "69"]
[EventDate "2022.08.13"]
[EventCountry "POL"]
[SourceTitle "playchess.com"]
[Source "ChessBase"]
[SourceQuality "1"]
[TimeControl "40/5400+30:1800+30"]

1. e4 e6 2. d4 d5 3. Nd2 h6 4. Ngf3 Nf6 5. Bd3 c5 6. dxc5 Bxc5 7. Qe2 Nc6 8. exd5 Nxd5 9. Ne4 Be7 10. a3 f5 11. Ng3 O-O 12. O-O Bf6 13. c4 Nde7 14. Rd1 Qc7 15. Nh5 e5 16. Bc2 e4 17. Nxf6+ Rxf6 18. Nd4 Nxd4 19. Rxd4 Nc6 20. Rd1 Be6 21. b3 Rff8 22. Bb2 Rfe8 23. Qe3 Ne5 24. h3 Nd7 25. Qd4 Nf6 26. Qd6 Qf7 27. Rd2 Re7 28. Rad1 Rd7 29. Qc5 Rxd2 30. Rxd2 Nd7 31. Qc7 Nf8 32. Qc5 b6 33. Qb4 Rd8 34. Qc5 Re8 35. Qb4 1/2-1/2

[Event "58th Akiba Rubinstein A 2022"]
[Site "Polanica-Zdroj"]
[Date "2022.08.17"]
[Round "5.12"]
[White "Skrzyczek, Tomasz"]
[Black "Wolanski, Michal"]
[Result "1/2-1/2"]
[ECO "B31"]
[WhiteElo "1909"]
[BlackElo "2005"]
[Annotator "NA RC"]
[PlyCount "117"]
[EventDate "2022.08.13"]
[EventCountry "POL"]
[SourceTitle "playchess.com"]
[Source "ChessBase"]
[SourceQuality "1"]
[TimeControl "40/5400+30:1800+30"]

1. e4 c5 2. Nf3 Nc6 3. Bb5 g6 4. O-O Bg7 5. c3 Nf6 6. Re1 O-O 7. d4 cxd4 8. cxd4 d5 9. e5 Ne4 10. Bxc6 bxc6 11. Be3 Bg4 12. h3 Bf5 13. g4 Bd7 14. Nfd2 Nxd2 15. Qxd2 f6 16. exf6 Rxf6 17. Nc3 Qc7 18. Bg5 Rf7 19. Re3 Raf8 20. Rf1 e5 21. dxe5 Bxe5 22. Ne2 c5 23. f4 Bg7 24. Qxd5 Bxb2 25. Be7 Rc8 26. Rb1 Bd4 27. Nxd4 Qxf4 28. Rf3 Qxd4+ 29. Qxd4 cxd4 30. Rxf7 Kxf7 31. Bg5 Ke6 32. Rb7 Rc5 33. Bh6 Ra5 34. Rb2 Kd5 35. Bg7 Ke4 36. Bxd4 Kxd4 37. Rd2+ Ke3 38. Rxd7 Rxa2 39. Rxh7 Kf3 40. g5 Kf4 41. h4 Kg3 42. Kf1 Kg4 43. Rh6 Kf5 44. Rh7 a5 45. h5 gxh5 46. Rxh5 Kg6 47. Rh6+ Kxg5 48. Ra6 Kf4 49. Ke1 Ke4 50. Kd1 Kd4 51. Kc1 Kc4 52. Kb1 Ra4 53. Rh6 Rb4+ 54. Ka2 Kb5 55. Ka3 Rc4 56. Rh5+ Rc5 57. Rxc5+ Kxc5 58. Ka4 Kc4 59. Kxa5 1/2-1/2

[Event "58th Akiba Rubinstein A 2022"]
[Site "Polanica-Zdroj"]
[Date "2022.08.17"]
[Round "5.13"]
[White "Czechowski, Jakub"]
[Black "Iwanczuk, Krzysztof"]
[Result "1/2-1/2"]
[ECO "D02"]
[WhiteElo "2003"]
[BlackElo "1947"]
[Annotator "NA RC"]
[PlyCount "69"]
[EventDate "2022.08.13"]
[EventCountry "POL"]
[SourceTitle "playchess.com"]
[Source "ChessBase"]
[SourceQuality "1"]
[TimeControl "40/5400+30:1800+30"]

1. d4 d5 2. Nf3 Nf6 3. g3 c5 4. c3 Nc6 5. Bg2 e6 6. O-O Be7 7. b3 O-O 8. e3 b6 9. Qe2 a5 10. Rd1 a4 11. Bb2 Qc7 12. c4 Ba6 13. Nbd2 Rac8 14. Ne5 Na5 15. Rac1 axb3 16. axb3 Rfd8 17. Qf3 dxc4 18. Nexc4 Bb7 19. Qe2 Bxg2 20. Kxg2 Nc6 21. dxc5 bxc5 22. Qf3 Rb8 23. Bxf6 Bxf6 24. Ne4 Be7 25. Rxd8+ Rxd8 26. Rd1 Rd5 27. Nc3 Rxd1 28. Qxd1 Ne5 29. Nxe5 Qxe5 30. Qd3 f5 31. f4 Qc7 32. e4 Qb7 33. Qc4 Kf7 34. Kg1 g6 35. e5 1/2-1/2

[Event "58th Akiba Rubinstein A 2022"]
[Site "Polanica-Zdroj"]
[Date "2022.08.17"]
[Round "5.14"]
[White "Paszkowski, Krystian"]
[Black "Kazmierowski, Tymon"]
[Result "1/2-1/2"]
[ECO "B52"]
[WhiteElo "1988"]
[BlackElo "1961"]
[Annotator "NA RC"]
[PlyCount "58"]
[EventDate "2022.08.13"]
[EventCountry "POL"]
[SourceTitle "playchess.com"]
[Source "ChessBase"]
[SourceQuality "1"]
[TimeControl "40/5400+30:1800+30"]

1. e4 c5 2. Nf3 d6 3. Bb5+ Bd7 4. Bxd7+ Nxd7 5. O-O Ngf6 6. Qe2 e6 7. b3 Be7 8. Bb2 O-O 9. c4 a6 10. d4 cxd4 11. Nxd4 Qc7 12. Nc3 Rfe8 13. Kh1 d5 14. cxd5 exd5 15. Nxd5 Nxd5 16. exd5 Ba3 17. Qd2 Bxb2 18. Qxb2 Nf6 19. Rad1 Qe5 20. Qd2 Qxd5 21. Nf3 Qxd2 22. Rxd2 Rac8 23. Kg1 g6 24. g3 Kg7 25. Kg2 Re7 26. Rfd1 Rec7 27. Re1 Rc2 28. Ree2 Rxd2 29. Rxd2 Rc7 1/2-1/2

[Event "58th Akiba Rubinstein A 2022"]
[Site "Polanica-Zdroj"]
[Date "2022.08.17"]
[Round "5.15"]
[White "Siekanska, Zuzanna"]
[Black "Sliwerski, Radoslaw"]
[Result "0-1"]
[ECO "D38"]
[WhiteElo "1712"]
[BlackElo "1951"]
[Annotator "NA RC"]
[PlyCount "74"]
[EventDate "2022.08.13"]
[EventCountry "POL"]
[SourceTitle "playchess.com"]
[Source "ChessBase"]
[SourceQuality "1"]
[TimeControl "40/5400+30:1800+30"]

1. d4 Nf6 2. c4 e6 3. Nf3 d5 4. Nc3 Bb4 5. Qa4+ Nc6 6. Bg5 h6 7. Bxf6 Qxf6 8. e3 O-O 9. a3 Bxc3+ 10. bxc3 Qg6 11. Rc1 dxc4 12. Qxc4 Rd8 13. Qd3 f5 14. g3 e5 15. Qb5 f4 16. Nxe5 Nxe5 17. Qxe5 fxe3 18. Bc4+ Kh8 19. f3 Qc6 20. Be2 Bh3 21. Qh5 Qe6 22. g4 Bg2 23. Rg1 Qa2 24. Rd1 Bxf3 25. Qb5 Bxe2 26. Qxe2 Qxa3 27. Qc2 Rf8 28. g5 e2 29. Rb1 Qd6 30. gxh6 Qxh6 31. Qe4 Qh3 32. Rc1 Rae8 33. Qg6 Rf1+ 34. Kd2 Qe3+ 35. Kc2 Rxc1+ 36. Rxc1 Qxc1+ 37. Kxc1 e1=Q+ 0-1